 Dungeon Crawl Stone Soup version 0.25-a0-578-gc91f01c39c (webtiles) character file.

Game seed: 17957379423574014842, levelgen mode: deterministic

41058 Flugslaktarn the Severer (level 13, -1/123 HPs)
             Began as a Deep Dwarf Fighter on Mar 5, 2020.
             Was an Elder of Makhleb.
             Slain by Donald
             ... wielding a +4 eveningstar of protection
              (20 damage)
             ... on level 1 of the Snake Pit.
             The game lasted 00:07:56 (10325 turns).

Flugslaktarn the Severer (Deep Dwarf Fighter)      Turns: 10325, Time: 00:07:57

Health: -1/123     AC: 21    Str: 29    XL:     13   Next: 78%
Magic:  0/0        EV:  7    Int: 10    God:    Makhleb [****..]
Gold:   480        SH: 13    Dex: 12    Spells: 12/12 levels left

rFire    . . .     SeeInvis .   a - +0 war axe
rCold    . . .     Gourm    .   c - +0 kite shield
rNeg     . . .     Faith    .   v - +0 plate armour
rPois    +         Spirit   .   y - +2 hat
rElec    .         Reflect  .   j - scarf {cloud immunity}
rCorr    .         Harm     .   A - +0 pair of gloves
MR       +....                  u - +1 pair of boots
Stlth    ..........             (no amulet)
HPRegen  0.00/turn              o - ring of poison resistance
MPRegen  0.07/turn              F - +5 ring of strength

@: mighty, non-regenerating
A: damage resistance, heal wounds, sense surroundings 2, no regeneration
a: Heal Wounds, Minor Destruction, Lesser Servant of Makhleb, Major Destruction,
Renounce Religion


You were on level 1 of the Snake Pit.
You worshipped Makhleb.
Makhleb was greatly pleased with you.
You were not hungry.

You visited 4 branches of the dungeon, and saw 18 of its levels.

You collected 660 gold pieces.
You spent 180 gold pieces at shops.

Inventory:

Hand Weapons
 a - a +0 war axe (weapon)
 g - a +4 flail of distortion
   (You took it off Edmund on level 5 of the Dungeon)
 H - a +4 scimitar of flaming
   (You took it off Erica on level 1 of the Lair of Beasts)
Missiles
 I - a throwing net (quivered)
Armour
 b - a +0 scale mail
 c - a +0 kite shield (worn)
 j - a scarf of cloud immunity (worn)
   (You found it on level 5 of the Dungeon)
 u - a +1 pair of boots (worn)
   (You found it on level 10 of the Dungeon)
 v - a +0 plate armour (worn)
   (You took it off an orc warrior on level 6 of the Dungeon)
 y - a +2 hat (worn)
   (You found it on level 10 of the Dungeon)
 A - a +0 pair of gloves (worn)
   (You found it on level 8 of the Dungeon)
Jewellery
 o - a ring of poison resistance (left hand)
   (You found it on level 4 of the Dungeon)
 F - a +5 ring of strength (right hand)
   (You found it on level 8 of the Dungeon)
Wands
 k - a wand of iceblast (8)
   (You took it off Maurice on level 8 of the Dungeon)
 D - a wand of enslavement (7)
   (You found it on level 8 of the Dungeon)
 L - a wand of paralysis (4)
   (You found it on level 4 of the Lair of Beasts)
 N - a wand of acid (1)
   (You found it on level 6 of the Lair of Beasts)
Scrolls
 f - a scroll of immolation
 i - 2 scrolls of magic mapping
 p - a scroll of fog
 t - 2 scrolls of teleportation
 x - 7 scrolls of remove curse
 B - 4 scrolls of enchant weapon
 E - a scroll of silence
 J - a scroll of enchant armour
Potions
 d - 3 potions of might
 h - a potion of haste
 l - a potion of mutation
 m - 4 potions of flight
 n - 3 potions of resistance
 q - 4 potions of curing
 w - 2 potions of ambrosia {unknown}
 z - a potion of berserk rage
 C - a potion of invisibility
 G - a potion of heal wounds {unknown}
Miscellaneous
 P - a lamp of fire
   (You found it on level 6 of the Lair of Beasts)
Comestibles
 e - 33 rations


   Skills:
 + Level 9.8 Fighting
 * Level 15.1 Axes
 + Level 11.5 Armour
 + Level 11.4 Shields
 + Level 11.2 Invocations


You had 12 spell levels left.
You didn't know any spells.
Your spell library was empty.

Dungeon Overview and Level Annotations

Branches:
Dungeon (10/15)            Temple (1/1) D:6            Lair (6/6) D:10
 Shoals (0/4) Lair:4        Snake (1/4) Lair:4        Slime (0/5) Lair:6
    Orc (0/2) D:10

Altars:
Ashenzari
Cheibriados
Dithmenos
Elyvilon
Fedhas
Gozag
Hepliaklqana
Kikubaaqudgha
Makhleb
Nemelex Xobeh
Okawaru
Qazlal
Uskayaw
Vehumet
Wu Jian
Xom
The Shining One

Shops:
D:4 ?   D:9 ?

Annotations:
D:9 exclusion: orange crystal statue
Lair:6 exclusion: oklob plant
Snake:1 Donald


Innate Abilities, Weirdness & Mutations

You are resistant to damage.
You can heal yourself by infusing magical energy.
You passively map the area around you.
You do not regenerate.


Message History

You block Donald's attack.
Evoke which item? (* to show all) (? for menu, Esc to quit)
Aiming: Corrosive Bolt
Press: ? - help, Shift-Dir - straight line, f/p - Donald
Aim: Donald, wielding a +4 eveningstar of protection, wearing a +2 plate armour of cold resistance and wearing a +0 kite shield of reflection (moderately wounded, fast, unusually strong, covered in acid)
The bolt of acid hits Donald!
Donald is splashed with acid.
Donald is severely wounded.
Donald hits you with a +4 eveningstar of protection.
Donald blocks your attack.
Donald is severely wounded.
Donald barely misses you.
You slash Donald!
Donald is almost dead.
Donald hits you with a +4 eveningstar of protection!!
* * * LOW HITPOINT WARNING * * *
Donald blocks your attack.
Donald is severely wounded.
Donald says, "You know that slithering noise?
I hate that."
Donald hits you with a +4 eveningstar of protection!!
You die...

#..../....^.....# , *
#.....#.†...[.#** ,
*,, * . #...##....#
#### , ,
,*,..###......###.....
* ,..#..†....#...# * ,
, * .......###..# ** *
* ,,..###.......#### ,
*#####....@......# *,
#....).@......# , *,
*#....).......## * * *
#.....#.#......### , ,
* , *
#...##..#....#...##. ,
, #.. ,#.##....#......
* , #., ..
#...##...... * * ,,
***,,,.##*#......?...,
, *######....#.... . ,
##.)....#.#.##...


You could see Donald.

Vanquished Creatures
  3 dire elephants (Lair:6)
  Erica (Lair:1)
  2 two-headed ogres
  2 anacondas
  6 death yaks (Lair:6)
  Pikel (D:5)
  8 elephants
  Joseph (D:7)
  9 black mambas
  A naga mage (Snake:1)
  6 spiny frogs
  Maurice (D:8)
  2 komodo dragons
  2 rime drakes
  A queen bee (Lair:1)
  Grinder (D:4)
  A troll (D:8)
  A hornet (Lair:3)
  5 hippogriffs
  21 blink frogs
  A snapping turtle (Lair:4)
  A spriggan (D:9)
  35 yaks
  2 basilisks
  Eustachio (D:5)
  Edmund (D:5)
  A warg (D:10)
  4 nagas
  8 water moccasins
  3 porcupines (Lair:1)
  2 black bears
  A sky beast (D:5)
  4 slaves (D:5)
  5 orc warriors
  3 ogres
  A necrophage (D:10)
  5 centaurs
  11 wolves
  12 crocodiles
  A big kobold (D:9)
  13 bullfrogs
  4 scorpions
  22 killer bees
  4 crimson imps
  A centaur zombie (D:7)
  A quasit (D:6)
  2 jellies (D:6)
  2 hounds
  7 orc priests
  8 orc wizards
  A bullfrog skeleton (D:4)
  2 iguanas (D:4)
  4 worker ants
  2 hound zombies
  8 gnolls
  A worker ant zombie (D:9)
  10 adders
  A shadow imp (D:6)
  2 oozes
  2 adder skeletons
  A worm (D:4)
  A dart slug (D:1)
  4 leopard geckos
  34 orcs
  2 ball pythons
  3 giant cockroaches
  8 hobgoblins
  14 jackals
  3 quokkas
  3 bats
  2 frilled lizards
  2 kobolds
  A quokka skeleton (D:6)
  A quokka zombie (D:5)
  A rat (D:3)
  4 fungi
  6 plants
364 creatures vanquished.

Vanquished Creatures (collateral kills)
  2 dire elephants (Lair:6)
  2 hydras (Lair:6)
  A yak (Lair:6)
  A water moccasin (Lair:6)
  A fungus (Lair:6)
7 creatures vanquished.

Vanquished Creatures (others)
  4 fungi
  3 plants (Lair:6)
7 creatures vanquished.

Grand Total: 378 creatures vanquished

Notes
Turn   | Place    | Note
-------+----------+-------------------------------------------
     0 | D:1      | Flugslaktarn the Deep Dwarf Fighter began the quest for the
                  | Orb.
     0 | D:1      | Reached XP level 1. HP: 20/20 MP: 1/1
   219 | D:2      | Reached XP level 2. HP: 25/27 MP: 2/2
   516 | D:3      | Reached skill level 3 in Axes
   516 | D:3      | Reached XP level 3. HP: 29/34 MP: 3/3
   655 | D:3      | Noticed a black bear
   665 | D:3      | Reached XP level 4. HP: 38/42 MP: 4/4
   670 | D:3      | Killed a black bear
   670 | D:3      | Reached skill level 4 in Axes
   670 | D:3      | Reached XP level 5. HP: 15/49 MP: 5/5
   747 | D:5      | Entered Level 5 of the Dungeon
  1049 | D:4      | Reached XP level 6. HP: 24/56 MP: 5/5
  1059 | D:4      | Noticed Grinder
  1066 | D:4      | Paralysed by Grinder for 7 turns
  1083 | D:4      | Killed Grinder
  1083 | D:4      | Reached skill level 5 in Axes
  1122 | D:4      | Reached XP level 7. HP: 35/64 MP: 6/6
  1133 | D:4      | Found a sparkling altar of Nemelex Xobeh.
  1133 | D:4      | Found a radiant altar of Vehumet.
  1133 | D:4      | Found a blossoming altar of Fedhas.
  1133 | D:4      | Found a stormy altar of Qazlal.
  1133 | D:4      | Found a shimmering altar of Xom.
  1133 | D:4      | Found a snail-covered altar of Cheibriados.
  1336 | D:4      | Found Zoluyck's Magic Scroll Shoppe.
  1345 | D:4      | Bought a scroll of immolation for 49 gold pieces
  1345 | D:4      | Bought a scroll of magic mapping for 49 gold pieces
  1472 | D:4      | Reached skill level 5 in Armour
  1472 | D:4      | Reached skill level 5 in Shields
  1979 | D:5      | Reached skill level 6 in Axes
  2028 | D:5      | Noticed Eustachio
  2031 | D:5      | Noticed Edmund
  2041 | D:5      | Noticed Pikel
  2095 | D:5      | Killed Edmund
  2114 | D:5      | Killed Pikel
  2114 | D:5      | Reached skill level 7 in Axes
  2114 | D:5      | Reached XP level 8. HP: 42/73 MP: 5/5
  2117 | D:5      | Killed Eustachio
  2117 | D:5      | Reached skill level 5 in Fighting
  2263 | D:6      | Reached skill level 8 in Axes
  2389 | D:6      | Gained mutation: You passively map the area around you.
                  | [Deep Dwarf growth]
  2389 | D:6      | Reached XP level 9. HP: 58/81 MP: 6/6
  2432 | D:6      | Found a staircase to the Ecumenical Temple.
  2438 | Temple   | Entered the Ecumenical Temple
  2467 | Temple   | Became a worshipper of Makhleb the Destroyer
  2740 | D:6      | Reached skill level 1 in Invocations
  3152 | D:7      | Noticed Joseph
  3200 | D:7      | Killed Joseph
  3200 | D:7      | Reached skill level 9 in Axes
  3279 | D:7      | Reached * piety under Makhleb
  3350 | D:7      | You fall into a shaft and drop 1 floor!
  3351 | D:8      | Noticed Maurice
  3385 | D:8      | Noticed a troll
  3387 | D:8      | Killed Maurice
  3398 | D:8      | Killed a troll
  3573 | D:8      | Reached skill level 10 in Axes
  3573 | D:8      | Reached XP level 10. HP: 31/92 MP: 6/6
  3960 | D:9      | Found a shattered altar of Ashenzari.
  3991 | D:9      | Reached ** piety under Makhleb
  4198 | D:9      | Noticed a two-headed ogre
  4208 | D:9      | Killed a two-headed ogre
  4208 | D:9      | Reached skill level 5 in Invocations
  4390 | D:9      | Found Zeiggos's Magic Scroll Boutique.
  4398 | D:9      | Bought a scroll of enchant weapon for 82 gold pieces
  4501 | D:9      | Noticed an orange crystal statue
  4617 | D:10     | Entered Level 10 of the Dungeon
  4736 | D:10     | Found a shadowy altar of Dithmenos.
  4830 | D:10     | Noticed a two-headed ogre
  4854 | D:10     | Killed a two-headed ogre
  4854 | D:10     | Reached skill level 11 in Axes
  4855 | D:10     | Found a staircase to the Orcish Mines.
  5072 | D:10     | Found a staircase to the Lair.
  5253 | D:10     | Reached *** piety under Makhleb
  5336 | Lair:1   | Entered Level 1 of the Lair of Beasts
  5430 | Lair:1   | Reached XP level 11. HP: 69/100 MP: 7/7
  5765 | Lair:1   | Noticed Erica
  5802 | Lair:1   | Killed Erica
  5928 | Lair:1   | Reached skill level 12 in Axes
  6327 | Lair:2   | Found a burning altar of Makhleb.
  6416 | Lair:2   | Reached **** piety under Makhleb
  7471 | Lair:3   | Paralysed by a hornet for 1 turns
  7491 | Lair:3   | Reached XP level 12. HP: 42/111 MP: 8/8
  7669 | Lair:3   | Reached skill level 13 in Axes
  7677 | Lair:3   | Reached skill level 10 in Armour
  7857 | Lair:3   | Reached skill level 10 in Shields
  7967 | Lair:3   | Reached ***** piety under Makhleb
  8450 | Lair:4   | Found a staircase to the Snake Pit.
  8485 | Lair:4   | Found a staircase to the Shoals.
  8722 | Lair:5   | You fall into a shaft and drop 1 floor!
  8722 | Lair:6   | Entered Level 6 of the Lair of Beasts
  8771 | Lair:6   | Noticed a five-headed hydra
  8781 | Lair:6   | Killed a six-headed hydra
  8797 | Lair:6   | Found a staircase to the Slime Pits.
  8944 | Lair:6   | Reached skill level 14 in Axes
  8974 | Lair:6   | Reached skill level 10 in Invocations
  8986 | Lair:6   | Reached XP level 13. HP: 121/121 MP: 9/9
  9917 | Lair:6   | Noticed a dire elephant
  9917 | Lair:6   | Noticed a dire elephant
  9926 | Lair:6   | Noticed a dire elephant
  9935 | Lair:6   | Noticed a cacodemon
  9935 | Lair:6   | HP: 4/121 [dire elephant (9)]
  9940 | Lair:6   | Killed a dire elephant
  9953 | Lair:6   | Noticed a dire elephant
  9971 | Lair:6   | Killed a dire elephant
  9994 | Lair:6   | Noticed a dire elephant
 10018 | Lair:6   | Killed a dire elephant
 10026 | Lair:6   | Killed a dire elephant
 10104 | Lair:6   | Killed a dire elephant
 10104 | Lair:6   | Reached skill level 15 in Axes
 10211 | Snake:1  | Entered Level 1 of the Snake Pit
 10291 | Snake:1  | Noticed Donald
 10325 | Snake:1  | Slain by Donald

Levels and vault maps discovered:
D:1:      elethiomel_arrival_infinity_welcomes_careful_drivers, layout_basic
D:2:      layout_basic, first_ration, minmay_between, uniq_crazy_yiuf_cottage
D:3:      layout_basic
D:4:      layout_basic, serial_shops, shop, minmay_misc_feat_four_crosses,
          doesnt_xom_only_xom, uniq_grinder
D:5:      layout_basic, uniq_pikel, uniq_eustachio, uniq_edmund
D:6:      layout_loops_cross, minmay_temple_entry_ruins, grunt_ministairs_8,
          minmay_manual_mess
D:7:      layout_basic, uniq_menkaure, uniq_joseph
D:8:      layout_rooms, uniq_maurice
D:9:      layout_basic, ashenzari_altar_1, serial_shops, shop, the_bakery,
          minmay_statue_bubble
D:10:     layout_loops_ring, lair_entry_dummy, david_orc_3, basic_altar
Temple:   grunt_wide_crystal_templ
Lair:1:   layout_cave_pods, special_room [special_room_bee],
          chequers_serial_rivers_micro_b, uniq_erica
Lair:2:   layout_layer_cave, basic_altar
Lair:3:   layout_regular_city
Lair:4:   layout_cave_shapes, minmay_shoals_entry_hut,
          guppyfry_snake_entry_island
Lair:5:   layout_loops_ring
Lair:6:   due_jungle_book, layout_regular_city, slime_dummy, dpeg_oklob_1,
          grunt_megastairs_1, lemuel_fruit_tree, infiniplex_staircase_pool_2
Snake:1:  layout_misc_corridors, uniq_donald

Skill      XL: |  1  2  3  4  5  6  7  8  9 10 11 12 13 |
---------------+----------------------------------------+-----
Fighting       | 3 4 5 6 7 8 9 |  9.8
Axes           | 3 4 5 7 8 10 11 12 14 15 | 15.1
Armour         | 4 6 7 8 9 10 11 | 11.5
Shields        | 4 5 6 7 8 9 10 11 | 11.4
Invocations    | 4 6 8 10 11 | 11.2

Action                   |  1- 3 |  4- 6 |  7- 9 | 10-12 | 13-15 || total
-------------------------+-------+-------+-------+-------+-------++-------
Melee: War axe           |    80 |    71 |   483 |  1036 |   392 ||  2062
Invok: Lesser Servant of |       |       |       |     2 |     2 ||     4
       Greater Servant o |       |       |       |       |     2 ||     2
 Abil: Heal Wounds       |     1 |     4 |    19 |    18 |    28 ||    70
Evoke: Wand              |       |       |       |       |     5 ||     5
  Use: Scroll            |       |       |     4 |    10 |     5 ||    19
       Potion            |       |       |       |     2 |     3 ||     5
  Eat: Chunk             |       |     1 |     9 |    19 |     5 ||    34
Armor: Scale mail        |    36 |    29 |    79 |       |       ||   144
       Plate armour      |       |       |   172 |   570 |   159 ||   901
Dodge: Dodged            |    42 |    21 |   125 |   247 |    94 ||   529
Block: Kite shield       |    55 |    47 |   309 |   744 |   204 ||  1359

Table legend:
 A = Non-vault XP
 B = Vault XP
 C = Vault XP percentage of total XP
 D = Non-vault monster count
 E = Vault monster count
 F = Vault count percentage of total count
                 A         B        C        D         E       F
            +---------+---------+-------+---------+---------+-------
      Total |   47396 |   11259 |  19.2 |     300 |      56 |  15.7
            +---------+---------+-------+---------+---------+-------
        D:1 |       9 |       0 |   0.0 |       5 |       0 |   0.0
        D:2 |       3 |       0 |   0.0 |       2 |       0 |   0.0
        D:3 |     274 |       0 |   0.0 |      23 |       0 |   0.0
        D:4 |     320 |     309 |  49.1 |      22 |       1 |   4.3
        D:5 |     151 |    1035 |  87.3 |       5 |       3 |  37.5
        D:6 |     762 |     387 |  33.7 |      20 |       5 |  20.0
        D:7 |     448 |     486 |  52.0 |      21 |       1 |   4.5
        D:8 |    1154 |     349 |  23.2 |      23 |       1 |   4.2
        D:9 |    1710 |     220 |  11.4 |      19 |       1 |   5.0
       D:10 |    2379 |     344 |  12.6 |      25 |       6 |  19.4
     Lair:1 |    3019 |    2420 |  44.5 |      15 |      21 |  58.3
     Lair:2 |    3672 |       0 |   0.0 |      21 |       0 |   0.0
     Lair:3 |   10270 |       0 |   0.0 |      40 |       0 |   0.0
     Lair:4 |     300 |     401 |  57.2 |       3 |       2 |  40.0
     Lair:6 |   19694 |    5308 |  21.2 |      48 |      15 |  23.8
    Snake:1 |    3231 |       0 |   0.0 |       8 |       0 |   0.0
            +---------+---------+-------+---------+---------+-------
